 Dungeon Crawl Stone Soup version 0.24.1-1-gd1d2a07e1b (webtiles) character file.

Game seed: 873211483077648058, levelgen mode: deterministic

34720 elgeorgio the Severer (level 13, -2/187 HPs)
             Began as a Hill Orc Berserker on Apr 8, 2020.
             Was the Champion of Trog.
             Slain by a freezing wraith (5 damage)
             ... led by a death knight
             ... on level 14 of the Dungeon on Apr 9, 2020.
             The game lasted 03:20:18 (18621 turns).

elgeorgio the Severer (Hill Orc Berserker)         Turns: 18621, Time: 03:20:18

Health: -2/187     AC: 20    Str: 34    XL:     13   Next: 79%
Magic:  13/13      EV: 14    Int:  7    God:    Trog [******]
Gold:   834        SH:  7    Dex: 15    Spells: 12/12 levels left

rFire    . . .     SeeInvis +   S - +3 hand axe of Agony {vamp, Str+4}
rCold    . . .     Gourm    .   r - +0 buckler
rNeg     . . .     Faith    .   Q - +5 ring mail of Coronation {Dex+5}
rPois    .         Spirit   .   o - +2 helmet
rElec    .         Reflect  .   d - +1 cloak
rCorr    .         Harm     .   (no gloves)
MR       .....                  n - +1 pair of boots
Stlth    ..........             (no amulet)
HPRegen  0.41/turn              h - +4 ring of evasion
MPRegen  0.13/turn              y - ring of see invisible

@: berserking, slowed, heavily drained
A: no striking features
a: Berserk, Trog's Hand, Brothers in Arms, Renounce Religion


You were on level 14 of the Dungeon.
You worshipped Trog.
Trog was exalted by your worship.
You were not hungry.

You visited 1 branch of the dungeon, and saw 15 of its levels.

You collected 1022 gold pieces.
You spent 188 gold pieces at shops.

Inventory:

Hand Weapons
 q - a +3 hand axe of venom
 N - a +5 war axe of flaming
 S - the +3 hand axe of Agony (weapon) {vamp, Str+4}
   (Trog gifted it to you on level 12 of the Dungeon)

   It inflicts no extra harm, but heals its wielder when it wounds a living foe.
   It affects your strength (+4).
Armour
 d - a +1 cloak (worn)
 n - a +1 pair of boots (worn)
 o - a +2 helmet (worn)
 r - a +0 buckler (worn)
 v - a scarf of spirit shield
 z - a +1 leather armour of poison resistance
 Q - the +5 ring mail of Coronation (worn) {Dex+5}
   (You found it on level 11 of the Dungeon)

   It affects your dexterity (+5).
 U - a +1 shield of protection
Jewellery
 h - a +4 ring of evasion (left hand)
 y - a ring of see invisible (right hand)
 A - an uncursed amulet of the gourmand
 E - an uncursed amulet of guardian spirit
 P - an uncursed ring of protection from fire
Wands
 l - a wand of polymorph (11)
 u - a wand of paralysis (4)
 D - a wand of disintegration (10)
 G - a wand of iceblast (17)
 H - a wand of enslavement (9)
 M - a wand of acid (10)
 X - a wand of random effects (25)
Scrolls
 b - a scroll of silence {unknown}
 e - 9 scrolls of remove curse
 g - 3 scrolls of fear
 m - a scroll of noise {unknown}
 s - 6 scrolls of teleportation
 x - 3 scrolls of immolation
 B - a scroll of fog
 F - 2 scrolls of magic mapping
 I - a scroll of holy word {unknown}
 J - a scroll of summoning {unknown}
 O - a scroll of random uselessness {unknown}
 R - a scroll of amnesia {unknown}
Potions
 a - a potion of invisibility
 f - 3 potions of might
 i - a potion of mutation
 k - 3 potions of brilliance
 p - 6 potions of heal wounds
 t - a potion of magic {unknown}
 w - 4 potions of curing
 C - a potion of cancellation {unknown}
 K - 2 potions of lignification
 L - 2 potions of agility
Comestibles
 c - 29 rations


   Skills:
 - Level 14.4(12.2) Fighting
 * Level 16.0(13.7) Axes
   Level 0.2(7.2) Maces & Flails
 - Level 10.4(8.3) Armour
 - Level 1.5(0.0) Dodging
 * Level 13.0(10.9) Shields


You had 12 spell levels left.
You didn't know any spells.
Your spell library was empty.

Dungeon Overview and Level Annotations

Branches:
Dungeon (15/15)            Temple (0/1) D:4            Lair (0/6) D:9
    Orc (0/2) D:11         Vaults (0/5) D:13
 Depths: D:15

Altars:
Cheibriados
Elyvilon
Gozag
Hepliaklqana
Kikubaaqudgha
Makhleb
Okawaru
Ru
Uskayaw
Wu Jian
Xom

Shops:
D:4 (?(}   D:5 %?*   D:11 [   D:13 =

Portals:
Trove: D:10 (give 12 potions of heal wounds)


Message History

You closely miss the freezing wraith.
The freezing wraith is severely damaged.
You block the freezing wraith's attack. x2
You hit the freezing wraith but do no damage.
The freezing wraith is heavily damaged.
The freezing wraith hits you. The freezing wraith freezes you!!
* * * LOW HITPOINT WARNING * * *
The freezing wraith hits you but does no damage.
You barely miss the freezing wraith.
The freezing wraith is heavily damaged.
The freezing wraith hits you.
* * * LOW HITPOINT WARNING * * *
The freezing wraith freezes you!
* * * LOW HITPOINT WARNING * * *
The freezing wraith hits you!
* * * LOW HITPOINT WARNING * * *
A red film seems to cover your vision as you go berserk!
You feel yourself moving faster!
You feel mighty!
You feel a lot more hungry. The freezing wraith hits you.
You die...

#.....'...#....
#.....#...#....
#.....#...#....
#.....#...#....
#..(.(#...#....
########........##....
#.........####.....###
#....()...# #.....#..
#....@W...# #.....'..
#.........# #.....#..
#.........# #..(..#..
########### #######..
#.... #.... #..z.
##..# #..#


You could see a freezing wraith.

Vanquished Creatures
  Nessos (D:13)
  3 vault guards (D:13)
  Harold (D:9)
  Erica (D:9)
  3 two-headed ogres
  A catoblepas (D:12)
  A death knight (D:13)
  A tengu warrior (D:13)
  6 skeletal warriors
  2 unseen horrors
  A harpy (shapeshifter) (D:15)
  A phantasmal warrior (D:13)
  3 cyclopes
  A deep elf mage (D:13)
  A gargoyle (D:11)
  A kobold demonologist (D:15)
  An efreet (D:13)
  2 freezing wraiths
  2 trolls
  10 slime creatures
  2 hornets (D:14)
  2 hippogriffs
  An air elemental (D:12)
  3 wraiths
  2 vampires (D:11)
  A water elemental (D:12)
  2 wyverns (D:13)
  12 yaks
  9 humans
  4 soldier ants
  13 orc warriors
  3 phantoms
  7 sky beasts
  An eye of draining (D:11)
  4 ice beasts
  A black bear (D:11)
  A crocodile (D:11)
  2 centaurs (D:10)
  3 ogres
  A big kobold (D:14)
  14 bullfrogs
  4 gnoll sergeants (D:5)
  An earth elemental (D:12)
  A wyvern skeleton (D:14)
  6 scorpions
  17 killer bees
  7 howler monkeys
  6 centaur zombies
  6 crimson imps
  A quasit (D:11)
  A jelly (D:8)
  3 bullfrog skeletons
  2 centaur skeletons
  9 orc priests
  2 gnoll shamans
  14 hounds
  14 orc wizards
  Jessica (D:2)
  An iguana (D:8)
  12 worker ants
  A worker ant zombie (D:7)
  Robin (D:1)
  30 gnolls
  3 howler monkey skeletons
  15 adders
  5 shadow imps
  2 adder zombies
  A worm (D:3)
  3 dart slugs
  2 leopard geckos
  44 orcs
  A ball python (D:4)
  6 bats
  5 giant cockroaches
  17 goblins
  9 hobgoblins
  13 jackals
  8 quokkas
  6 frilled lizards
  A jackal skeleton (D:6)
  12 kobolds
  A leopard gecko skeleton (D:7)
  A quokka zombie (D:2)
  5 rats
431 creatures vanquished.

Vanquished Creatures (collateral kills)
  Rupert (D:12)
1 creature vanquished.

Vanquished Creatures (others)
  A human (D:13)
  A fire elemental (D:12)
  A plant (D:2)
3 creatures vanquished.

Grand Total: 435 creatures vanquished

Notes
Turn   | Place    | Note
-------+----------+-------------------------------------------
     0 | D:1      | elgeorgio the Hill Orc Berserker began the quest for the
                  | Orb.
     0 | D:1      | Reached XP level 1. HP: 19/19 MP: 1/1
     0 | D:1      | Noticed an elf
     1 | D:1      | Noticed a draconian
     3 | D:1      | Noticed a centaur
     6 | D:1      | Noticed an elf
     7 | D:1      | Noticed a felid
    10 | D:1      | Noticed a dwarf
    10 | D:1      | Noticed a gargoyle
    12 | D:1      | Noticed a dwarf
    12 | D:1      | Noticed an ogre
    15 | D:1      | Noticed a spriggan
    15 | D:1      | Noticed a centaur
    17 | D:1      | Noticed a felid
    19 | D:1      | Noticed a vine stalker
    21 | D:1      | Noticed a dwarf
   526 | D:1      | Reached XP level 2. HP: 26/26 MP: 2/2
   598 | D:1      | Reached skill level 5 in Axes
   959 | D:2      | Reached skill level 6 in Axes
   959 | D:2      | Reached XP level 3. HP: 7/31 MP: 3/3
  1263 | D:2      | Reached XP level 4. HP: 33/39 MP: 4/4
  1349 | D:2      | Noticed Jessica
  1368 | D:2      | Killed Jessica
  1484 | D:2      | Reached skill level 7 in Axes
  1778 | D:2      | Reached ** piety under Trog
  1778 | D:2      | Reached XP level 5. HP: 34/45 MP: 5/5
  1783 | D:2      | Noticed Robin
  1965 | D:1      | Killed Robin
  2447 | D:3      | Reached skill level 8 in Axes
  3172 | D:4      | Found a white marble altar of Elyvilon.
  3245 | D:4      | Reached XP level 6. HP: 51/51 MP: 6/6
  3250 | D:4      | Reached *** piety under Trog
  3250 | D:4      | Reached skill level 9 in Axes
  3362 | D:4      | Found Ecvel Dutz's Weapon Shoppe.
  3401 | D:4      | Found a burning altar of Makhleb.
  3401 | D:4      | Found a shimmering altar of Xom.
  3460 | D:4      | Found Sete Bowno's Weapon Shoppe.
  3479 | D:4      | Found Feidampa's Gadget Shoppe.
  3510 | D:4      | Reached skill level 10 in Axes
  3510 | D:4      | Reached XP level 7. HP: 57/57 MP: 7/7
  3718 | D:4      | Found a staircase to the Ecumenical Temple.
  3832 | D:4      | Found Gatuh's Magic Scroll Shoppe.
  3835 | D:4      | Bought a scroll of identify for 24 gold pieces
  3835 | D:4      | Bought a scroll of identify for 24 gold pieces
  3928 | D:5      | Entered Level 5 of the Dungeon
  4137 | D:5      | Found Lyqezxoa's Assorted Antiques.
  4169 | D:5      | Reached skill level 11 in Axes
  4270 | D:5      | Reached XP level 8. HP: 50/64 MP: 8/8
  4286 | D:5      | Reached skill level 12 in Axes
  4449 | D:5      | Found Geshrorgho's Food Shoppe.
  4456 | D:5      | Reached **** piety under Trog
  4509 | D:5      | Found Seafeipn's Magic Scroll Shoppe.
  4773 | D:5      | Bought a scroll labeled ORUSEETHOI for 28 gold pieces
  4825 | D:5      | Bought a scroll of identify for 28 gold pieces
  4825 | D:5      | Bought a scroll of identify for 28 gold pieces
  4825 | D:5      | Bought a scroll of identify for 28 gold pieces
  4825 | D:5      | Bought a scroll of identify for 28 gold pieces
  4925 | D:5      | Reached skill level 13 in Axes
  5009 | D:5      | Found an iron altar of Okawaru.
  5332 | D:5      | Reached skill level 5 in Fighting
  5528 | D:5      | Reached XP level 9. HP: 60/74 MP: 9/9
  5754 | D:6      | Reached skill level 14 in Axes
  6243 | D:6      | Reached ***** piety under Trog
  6943 | D:7      | Found a sacrificial altar of Ru.
  7525 | D:8      | Found a hide-covered altar of Uskayaw.
  7619 | D:8      | Reached XP level 10. HP: 73/89 MP: 7/10
  7833 | D:8      | Reached skill level 5 in Armour
  8455 | D:8      | Found a hazy altar of Hepliaklqana.
  8455 | D:8      | Found an ancient bone altar of Kikubaaqudgha.
  8455 | D:8      | Found an ornate altar of the Wu Jian Council.
  8455 | D:8      | Found an opulent altar of Gozag.
  8570 | D:9      | Reached skill level 10 in Fighting
  8655 | D:9      | Noticed Erica
  8674 | D:9      | Killed Erica
  8766 | D:9      | Found a staircase to the Lair.
  8889 | D:9      | Noticed Harold
  8908 | D:9      | Killed Harold
  9390 | D:10     | Entered Level 10 of the Dungeon
  9595 | D:10     | Reached XP level 11. HP: 104/104 MP: 11/11
  9727 | D:10     | Reached skill level 15 in Axes
  9918 | D:10     | Paralysed by a centaur for 6 turns
 10041 | D:10     | Noticed an unseen horror
 10060 | D:10     | Killed an unseen horror
 10060 | D:10     | Received a gift from Trog
 10309 | D:10     | Found a portal to a secret trove of treasure.
 11069 | D:11     | Found a snail-covered altar of Cheibriados.
 11092 | D:11     | Reached skill level 16 in Axes
 11463 | D:11     | Found a staircase to the Orcish Mines.
 11514 | D:11     | Found Cheibriados's Comfort Zone.
 12184 | D:11     | Got a twisted ring mail
 12259 | D:11     | Noticed a two-headed ogre
 12285 | D:11     | Killed a two-headed ogre
 12296 | D:11     | Identified the +5 ring mail of Coronation {Dex+5} (You
                  | found it on level 11 of the Dungeon)
 12624 | D:12     | Noticed Rupert
 12649 | D:12     | Paralysed by Rupert for 2 turns
 12650 | D:12     | Killed Rupert
 12650 | D:12     | Reached XP level 12. HP: 115/115 MP: 12/12
 12858 | D:12     | Noticed a catoblepas
 12914 | D:12     | Killed a catoblepas
 12914 | D:12     | Reached skill level 10 in Armour
 13331 | D:12     | Noticed a two-headed ogre
 13414 | D:12     | Killed a two-headed ogre
 13626 | D:12     | Received a gift from Trog
 13638 | D:12     | Got a polished hand axe {god gift}
 13639 | D:12     | Identified the +3 hand axe of Agony {vamp, Str+4} (Trog
                  | gifted it to you on level 12 of the Dungeon)
 13916 | D:12     | Found a large runed translucent door.
 13917 | D:12     | Found a large runed translucent door.
 14094 | D:13     | Noticed a tengu warrior
 14231 | D:13     | Reached skill level 1 in Shields
 14233 | D:13     | Killed a tengu warrior
 14517 | D:13     | Found Qowk's Jewellery Shoppe.
 14592 | D:13     | Reached skill level 5 in Shields
 14958 | D:13     | Noticed Nessos
 15024 | D:13     | Killed Nessos
 15427 | D:13     | Noticed a vault guard
 15427 | D:13     | Noticed a vault guard
 15455 | D:13     | Killed a vault guard
 15478 | D:13     | Killed a vault guard
 15478 | D:13     | Reached XP level 13. HP: 87/124 MP: 9/13
 15537 | D:13     | Noticed a vault guard
 15556 | D:13     | Killed a vault guard
 15556 | D:13     | Reached skill level 10 in Shields
 15579 | D:13     | Found a gate to the Vaults.
 15997 | D:14     | Reached ****** piety under Trog
 17563 | D:14     | You fall into a shaft and drop 1 floor!
 17563 | D:15     | Entered Level 15 of the Dungeon
 17774 | D:14     | Received a gift from Trog
 18620 | D:14     | HP: 1/125 [freezing wraith[a death knight] (9)]
 18621 | D:14     | Slain by a freezing wraith

Levels and vault maps discovered:
D:1:      shiori_arrival_whats_in_store_for_you, layout_basic,
          chequers_mini_garden
D:2:      layout_basic, serial_bayou_lagoon_b, uniq_robin, uniq_jessica
D:3:      layout_loops_ring, first_ration
D:4:      layout_layer_cave, grunt_temple_overflow_champion_of_chaos,
          minmay_temple_entry_butterflies, serial_shops, shop_statue,
          nicolae_shop_crystal, kennysheep_mini, shop, elyvilon_altar_5
D:5:      layout_cave_pools, serial_gnoll_camp, gnoll_camp_mini_house,
          gnoll_camp_huts_moat, gnoll_camp_mini_loothouse, gnoll_camp_mini_shop,
          gnoll_camp_mini_house, gnoll_camp_mini_shop, serial_shops,
          kennysheep_little_box, kennysheep_okawaru_gauntlet
D:6:      layout_basic, corexii_shack, nicolae_underground_beach
D:7:      layout_loops_corners, basic_altar
D:8:      layout_basic, lemuel_coloured_pillars_altar,
          chequers_temple_overflow_statue_of_worship, grunt_pizzeria,
          minmay_misc_feat_diagonals, amethyst_killhole,
          chequers_serial_rivers_large_a
D:9:      layout_loops_ring, lair_entry_dummy, uniq_harold, uniq_erica
D:10:     layout_roguey, nicolae_trove_entry_diagonal
D:11:     layout_cave_pools, david_orc_4, minmay_shop_chei
D:12:     layout_irregular_city, lightli_elemental_guards, uniq_rupert
D:13:     layout_small_grid, ximxim_vaults_locker_room, serial_shops,
          nicolae_shop_trees, uniq_nessos
D:14:     layout_gridville, hangedman_decor_riveting, basic_altar
D:15:     grunt_enter_depths_magical_seal, layout_loops_corners, serial_rivers,
          chequers_serial_rivers_micro_e, chequers_serial_rivers_small_a,
          chequers_serial_rivers_small_3, chequers_serial_rivers_marsh,
          chequers_serial_rivers_room_a, chequers_serial_rivers_micro_b,
          lemuel_angel_altar

Skill      XL: |  1  2  3  4  5  6  7  8  9 10 11 12 13 |
---------------+----------------------------------------+-----
Axes           | 6 7 8 10 11 13 14 16 | 16.0
Fighting       | 5 8 12 13 14 | 14.4
Armour         | 4 6 9 10 | 10.4
Shields        | 9 13 | 13.0
Maces & Flails | |  0.2
Dodging        | |  1.5

Action                   |  1- 3 |  4- 6 |  7- 9 | 10-12 | 13-15 || total
-------------------------+-------+-------+-------+-------+-------++-------
Melee: Hand axe          |    54 |   225 |   463 |   868 |   492 ||  2102
Invok: Berserk           |     1 |     2 |     3 |     6 |     3 ||    15
       Brothers in Arms  |       |       |       |     1 |       ||     1
Evoke: Wand              |       |       |       |    10 |       ||    10
  Use: Scroll            |       |     4 |    12 |     6 |     3 ||    25
       Potion            |       |       |       |     1 |       ||     1
 Stab: Distracted        |       |     2 |       |     1 |       ||     3
  Eat: Chunk             |     2 |     9 |    11 |    16 |     2 ||    40
       Ration            |       |       |     1 |     5 |     3 ||     9
Armor: Animal skin       |    10 |     1 |       |       |       ||    11
       Robe              |       |    57 |       |       |       ||    57
       Leather armour    |       |       |    99 |    96 |       ||   195
       Ring mail         |       |       |       |   113 |   116 ||   229
Dodge: Dodged            |    37 |   153 |   270 |   447 |   115 ||  1022
Block: Buckler           |       |       |       |    26 |    90 ||   116
